AoeStats
← Jan Itor

Lombardia

510142686Analyzed
4v4 RM · 2d ago on Sep 29, 2026· 61m 4s· 8 players
Game mode
Random Map
Map size
Large (8 player)
Population
200
Speed
Normal
Resources
Standard
Victory
Conquest
Starting age
Dark Age
Ending age
Imperial Age
RankedLock teamsTeams togetherTeam positionsShared explorationLock speedFull tech treeHidden civsTurbo modeCheats
Victory
Defeat
🇹🇼 Franks · Taiwan
1928
+14
🇩🇪 Mongols · Germany
1858
+17
🇹🇼 Aztecs · Taiwan
1847
+18
🇷🇺 Cumans · Russia
1527
+29
🇪🇸 Japanese · Spain
1930
-21
🇦🇷 Burmese · Argentina
1888
-20
🇲🇽 Danes · Mexico
1881
-20
🇲🇽 Ethiopians · Mexico
1804
-17
ANKR.Blve
9:44 Feudal Age
9:28 Loom
11:12 Double-Bit Axe
11:32 Town Watch
16:05 Scale Barding Armor
16:52 Forging
23:02 Castle Age
22:39 Stone Mining
23:51 Light Cavalry
24:43 Bow Saw
24:24 Gold Mining
26:51 Iron Casting
26:48 Squires
32:05 Wheelbarrow
33:27 Scale Mail Armor
36:48 Hand Cart
40:59 Imperial Age
39:38 Gold Shaft Mining
39:22 Chain Mail Armor
39:37 Herbal Medicine
40:59 Caravan
41:28 Elite Throwing Axeman
42:29 Conscription
43:04 Plate Mail Armor
43:34 Blast Furnace
43:25 Arson
45:41 Chivalry
46:17 Hoardings
47:59 Fletching
48:50 Coinage
49:37 Chemistry
48:19 Treadmill Crane
49:40 Chemistry
48:45 Siege Engineers
48:47 Bodkin Arrow
49:25 Masonry
48:53 Capped Ram
56:26 Banking
60:49 Padded Archer Armor
小羽
10:02 Feudal Age
9:30 Loom
11:30 Feudal Age
12:26 Town Watch
14:07 Double-Bit Axe
16:09 Fletching
18:33 Castle Age
16:40 Gold Mining
17:17 Padded Archer Armor
17:12 Horse Collar
19:12 Bodkin Arrow
18:44 Crossbowman
20:02 Bow Saw
20:48 Wheelbarrow
26:31 Leather Archer Armor
27:55 Ballistics
31:00 Gold Shaft Mining
35:42 Imperial Age
33:35 Stone Mining
34:33 Fortified Wall
34:14 Heated Shot
34:04 Treadmill Crane
35:08 Hand Cart
35:33 Caravan
35:52 Scale Mail Armor
35:13 Pikeman
35:17 Eagle Warrior
36:49 Coinage
35:48 Arbalester
36:29 Bracer
37:31 Chemistry
37:11 Chain Mail Armor
37:06 Forging
37:27 Fortified Wall
37:14 Murder Holes
37:43 Conscription
37:47 Town Patrol
39:06 Banking
38:42 Squires
38:28 Arson
39:05 Elite Eagle Warrior
39:57 Redemption
40:20 Plate Mail Armor
40:26 Iron Casting
40:48 Sappers
42:24 Elite Skirmisher
44:16 Atlatl
44:49 Garland Wars
46:23 Blast Furnace
45:30 Siege Engineers
50:02 Pikeman
52:42 Elite Jaguar Warrior
雨浩
9:52 Feudal Age
9:32 Loom
10:30 Double-Bit Axe
20:07 Castle Age
19:02 Bloodlines
19:13 Gold Mining
19:55 Horse Collar
20:50 Scale Barding Armor
21:37 Scale Barding Armor
22:50 Chain Barding Armor
26:33 Forging
28:14 Iron Casting
30:01 Wheelbarrow
29:42 Bow Saw
30:17 Stone Mining
31:44 Gold Shaft Mining
32:02 Hand Cart
35:14 Imperial Age
33:33 Fletching
36:31 Plate Barding Armor
35:17 Cavalier
36:40 Town Watch
37:58 Blast Furnace
36:45 Paladin
39:17 Caravan
39:47 Light Cavalry
41:00 Hussar
44:04 Conscription
46:14 Capped Ram
50:25 Bodkin Arrow
Jan Itor
9:24 Loom
11:46 Feudal Age
15:29 Castle Age
13:56 Double-Bit Axe
13:53 Horse Collar
15:39 Fletching
17:19 Bow Saw
19:40 Bodkin Arrow
24:52 Wheelbarrow
24:46 Ballistics
25:03 Padded Archer Armor
29:11 Husbandry
30:57 Hand Cart
32:47 Bloodlines
37:40 Imperial Age
38:08 Leather Archer Armor
37:43 Elite Mangudai
38:48 Bracer
40:03 Chemistry
39:37 Conscription
39:26 Caravan
41:24 Heavy Plow
41:36 Thumb Ring
41:58 Parthian Tactics
44:23 Coinage
45:39 Banking
45:55 Fortified Wall
46:15 Onager
48:15 Siege Engineers
48:40 Masonry
48:32 Siege Onager
51:07 Capped Ram
52:31 Drill
53:36 Siege Ram
VN_DarK_KnighT_
5:59 Loom
8:40 Feudal Age
9:09 Double-Bit Axe
8:49 Man-at-Arms
9:53 Arson
11:17 Horse Collar
16:42 Town Watch
19:13 Castle Age
17:58 Scale Mail Armor
18:09 Forging
20:04 Squires
20:19 Chain Mail Armor
19:59 Gambesons
20:33 Bow Saw
22:35 Wheelbarrow
32:40 Heavy Plow
36:11 Imperial Age
33:25 Pikeman
34:16 Gold Mining
35:09 Hand Cart
35:45 Iron Casting
37:13 Conscription
36:16 Halberdier
36:53 Onager
38:20 Plate Mail Armor
38:15 Siege Onager
38:25 Siege Onager
39:50 Caravan
42:06 Blast Furnace
41:36 Siege Engineers
41:54 Northmen's Fury
44:50 Chemistry
45:48 Elite Varangian Guard
46:48 Long Swordsman
47:29 Two-Handed Swordsman
49:53 Capped Ram
50:09 Champion
50:44 Champion
51:39 Siege Ram
Baldeitus
6:37 Loom
8:52 Feudal Age
10:05 Double-Bit Axe
14:15 Fletching
21:44 Castle Age
21:47 Crossbowman
22:22 Bodkin Arrow
22:46 Padded Archer Armor
22:57 Bow Saw
22:32 Horse Collar
23:48 Ballistics
24:55 Thumb Ring
31:55 Wheelbarrow
36:16 Imperial Age
36:15 Leather Archer Armor
35:53 Gold Mining
35:57 Stone Mining
36:32 Arbalester
37:23 Bracer
38:24 Chemistry
39:08 Ring Archer Armor
40:11 Two-Man Saw
41:54 Hand Cart
41:44 Heavy Plow
42:45 Fortified Wall
44:12 Coinage
44:56 Caravan
47:50 Conscription
50:06 Masonry
51:56 Elite Shotel Warrior
53:51 Architecture
56:35 Torsion Engines
57:25 Siege Engineers
Millo
11:02 Feudal Age
9:39 Loom
11:17 Loom
16:07 Castle Age
14:19 Horse Collar
19:30 Padded Archer Armor
22:30 Bloodlines
24:18 Wheelbarrow
27:27 Ballistics
27:31 Gold Mining
28:00 Husbandry
35:35 Imperial Age
33:25 Hand Cart
34:12 Manipur Cavalry
35:46 Scale Barding Armor
35:52 Forging
35:41 Elite Battle Elephant
38:15 Howdah
38:36 Chain Barding Armor
38:52 Iron Casting
40:08 Plate Barding Armor
39:48 Caravan
40:21 Coinage
40:45 Masonry
41:58 Blast Furnace
45:07 Heavy Plow
45:55 Gold Shaft Mining
45:10 Stone Mining
45:58 Conscription
47:49 Banking
47:51 Light Cavalry
50:47 Hussar
53:53 Chemistry
52:59 Siege Engineers
VN_KoNFeR
9:05 Feudal Age
8:19 Loom
9:40 Double-Bit Axe
9:36 Horse Collar
16:59 Forging
20:39 Castle Age
20:13 Bloodlines
19:54 Fletching
20:18 Gold Mining
21:24 Bodkin Arrow
21:53 Thumb Ring
22:13 Husbandry
23:40 Bow Saw
26:07 Town Watch
26:57 Wheelbarrow
27:55 Padded Archer Armor
31:27 Hand Cart
34:04 Ballistics
39:17 Imperial Age
38:28 Stone Mining
39:13 Gold Shaft Mining
38:40 Heavy Plow
39:05 Caravan
40:15 Bracer
41:16 Chemistry
42:02 Heavy Cavalry Archer
42:58 Leather Archer Armor
46:39 Ring Archer Armor
48:29 Parthian Tactics
47:48 Light Cavalry
48:52 Guard Tower
49:05 Yasama
49:25 Conscription
50:50 Hoardings
50:22 Scale Barding Armor
52:53 Coinage
54:14 Two-Man Saw
53:58 Chain Barding Armor
53:48 Forging
54:28 Treadmill Crane
54:58 Masonry
54:54 Siege Engineers
55:00 Fortified Wall
55:55 Banking
60:07 Keep
Connection lost

Rejoining the realm…

Still unreachable

The connection could not be restored.

Session expired

The server has moved on; the page needs a fresh start.